 Dungeon Crawl Stone Soup version 0.25-a0-668-gea548f19b6 (webtiles) character file.

Game seed: 10580650035813570091, levelgen mode: deterministic

1462852 Ezendos the Slayer (level 27, 45/235 HPs)
             Began as a Formicid Abyssal Knight on Mar 25, 2020.
             Was the Champion of Lugonu.
             Escaped with the Orb
             ... and 3 runes on Mar 27, 2020!
             The game lasted 06:46:25 (99426 turns).

Ezendos the Slayer (Formicid Abyssal Knight)       Turns: 99426, Time: 06:46:26

Health: 45/235     AC: 28    Str: 27    XL:     27
Magic:  33/33      EV: 12    Int: 11    God:    Lugonu [******]
Gold:   11554      SH: 31    Dex: 10    Spells: 23/26 levels left

rFire    + + +     SeeInvis +   a - +9 bardiche (freeze)
rCold    + . .     Gourm    .   c - +5 tower shield
rNeg     + . .     Faith    .   Z - +1 gold dragon scales
rPois    +         Spirit   .   (helmet unavailable)
rElec    +         Reflect  +   n - scarf {repulsion}
rCorr    +         Harm     .   j - +0 pair of gloves
MR       ++++.     Clarity  +   J - +1 pair of boots of an ice cave {MR+}
Stlth    ..........             A - amulet of the Little Devil {Reflect rElec rF+ rN+ MR+ Int-2 SH+4}
HPRegen  0.49/turn              f - ring of protection from fire
MPRegen  0.23/turn              x - ring of resist corrosion

@: repel missiles
A: permanent stasis, dig shafts and tunnels, four strong arms, antennae 3,
clarity, dopey 1, low mp 1, screaming 2
0: Orb of Zot
}: 3/15 runes: decaying, abyssal, gossamer
a: Dig, Shaft Self, Depart the Abyss, Bend Space, Banish, Corrupt, Enter the
Abyss, Brand Weapon With Distortion, Renounce Religion


You escaped.
You worshipped Lugonu.
Lugonu was exalted by your worship.
You were full.

You visited 9 branches of the dungeon, and saw 48 of its levels.
You visited the Abyss 3 times.
You also visited: Bailey and Gauntlet.

You collected 15523 gold pieces.
You spent 3969 gold pieces at shops.

Inventory:

Hand Weapons
 a - a +9 bardiche of freezing (weapon)
 b - the +6 arbalest "Damnation" {damnation}
   (You found it on level 5 of the Depths)
 s - the +10 arbalest of Sin {flame, Int+4}
   (You found it on level 1 of the Vaults)

   It causes projectiles fired from it to burn those they strike, causing extra
   injury to most foes and up to half again as much damage against particularly
   susceptible opponents.
   It affects your intelligence (+4).
 w - the +8 demon trident "Rift" {distort, reach+}
   (You found it on level 7 of the Dungeon)

   It warps and distorts space around it.
   Unwielding it can cause banishment or high damage.
Missiles
 q - 12 curare-tipped darts (quivered)
 F - 14 silver javelins
 O - 1398 bolts
 W - 4 throwing nets
Armour
 c - a +5 tower shield (worn)
 j - a +0 pair of gloves (worn)
 n - a scarf of repulsion (worn)
 J - the +1 pair of boots of an ice cave (worn) {MR+}
   (You found it on level 1 of the Vaults)

   It affects your resistance to hostile enchantments.
 Z - +1 gold dragon scales (worn)
Jewellery
 e - an uncursed ring of flight
 f - a ring of protection from fire (left hand)
 k - an uncursed ring of positive energy
 x - a ring of resist corrosion (right hand)
 A - the amulet of the Little Devil (around neck) {Reflect rElec rF+ rN+ MR+ Int-2 SH+4}
   (You found it on level 3 of the Elven Halls)

   [amulet of reflection]

   It shields you and reflects attacks.
   It affects your intelligence (-2).
   It protects you from fire.
   It insulates you from electricity.
   It protects you from negative energy.
   It affects your resistance to hostile enchantments.
   It affects your SH (+4).
 B - an uncursed ring of protection from cold
Wands
 C - a wand of scattershot (12)
 D - a wand of acid (22)
 G - a wand of iceblast (38)
 M - a wand of clouds (25)
Scrolls
 g - 2 scrolls of magic mapping
 l - 4 scrolls of silence
 o - 9 scrolls of fear
 r - 16 scrolls of identify
 y - 22 scrolls of remove curse
 Q - 7 scrolls of fog
 S - 7 scrolls of immolation
 T - 5 scrolls of holy word
 U - 3 scrolls of vulnerability
Potions
 i - 12 potions of ambrosia
 m - 13 potions of lignification
 v - a potion of might
 z - 4 potions of cancellation
 H - 5 potions of mutation
 I - 7 potions of curing
 K - 10 potions of flight
 L - a potion of invisibility
 N - a potion of magic
 P - 5 potions of heal wounds
 R - 5 potions of resistance
Miscellaneous
 h - 3 tins of tremorstones
 p - a phantom mirror
 t - a phial of floods
 u - 3 sacks of spiders
 V - a lamp of fire
 X - 2 boxes of beasts
 Y - a lightning rod (4/4)
Comestibles
 d - 37 rations


   Skills:
 + Level 23.1 Fighting
   Level 3.1(13.8) Axes
 - Level 19.9(20.0) Polearms
   Level 5.6(6.0) Slings
 - Level 18.0 Crossbows
 - Level 2.5(4.2) Throwing
 - Level 20.0 Armour
 - Level 16.0 Dodging
 - Level 2.0 Stealth
 - Level 18.0 Shields
 - Level 20.0 Invocations
 - Level 10.0 Evocations


You had 23 spell levels left.
You knew the following spells:

 Your Spells              Type           Power        Failure   Level  Hunger
a - Apportation           Tloc           #.....       99%         1    ##.....
b - Sticks to Snakes      Tmut           #.......     100%        2    ###....

Your spell library contained the following spells:

 Spells                   Type           Power        Failure   Level  Hunger
 Animate Skeleton         Necr           N/A          99%         1    ##.....
 Beastly Appendage        Tmut           #.....       99%         1    ##.....
 Corona                   Hex            #......      99%         1    ##.....
 Foxfire                  Conj/Fire      #...         99%         1    ##.....
 Freeze                   Ice            #...         99%         1    ##.....
 Infusion                 Chrm           #...         99%         1    ##.....
 Magic Dart               Conj           #...         99%         1    ##.....
 Pain                     Necr           #...         99%         1    ##.....
 Sandblast                Erth           #.....       99%         1    ##.....
 Summon Butterflies       Summ           #.......     99%         1    ##.....
 Summon Small Mammal      Summ           #...         99%         1    ##.....
 Call Imp                 Summ           #.......     100%        2    ###....
 Passwall                 Tmut/Erth      #.......     100%        2    ###....
 Poisonous Vapours        Pois/Air       #.....       100%        2    ###....
 Searing Ray              Conj           #.....       100%        2    ###....
 Slow                     Hex            #.......     100%        2    ###....
 Sublimation of Blood     Necr           #.........   100%        2    ###....
 Swiftness                Chrm/Air       #.......     100%        2    ###....
 Call Canine Familiar     Summ           #.......     100%        3    ####...
 Conjure Flame            Conj/Fire      #.......     100%        3    ####...
 Dazzling Flash           Conj/Hex       #.....       100%        3    ####...
 Frozen Ramparts          Ice            #.....       100%        3    ####...
 Ignite Poison            Fire/Tmut/Pois #.......     100%        3    ####...
 Inner Flame              Hex/Fire       #.......     100%        3    ####...
 Lesser Beckoning         Tloc           #.........   100%        3    ####...
 Mephitic Cloud           Conj/Pois/Air  #.......     100%        3    ####...
 Ozocubu's Armour         Chrm/Ice       #.......     100%        3    ####...
 Recall                   Summ/Tloc      N/A          100%        3    ####...
 Spectral Weapon          Hex/Chrm       #.......     100%        3    ####...
 Spider Form              Tmut/Pois      #.........   100%        3    ####...
 Static Discharge         Conj/Air       #.......     100%        3    ####...
 Stone Arrow              Conj/Erth      #.....       100%        3    ####...
 Summon Guardian Golem    Hex/Summ       #.......     100%        3    ####...
 Tukima's Dance           Hex            #.......     100%        3    ####...
 Cause Fear               Hex            #.........   100%        4    #####..
 Fulminant Prism          Conj/Hex       #.........   100%        4    #####..
 Hailstorm                Conj/Ice       #.......     100%        4    #####..
 Ice Form                 Ice/Tmut       #.......     100%        4    #####..
 Iskenderun's Mystic Bla  Conj/Tloc      #.......     100%        4    #####..
 Petrify                  Tmut/Erth      #.......     100%        4    #####..
 Sticky Flame             Conj/Fire      #.......     100%        4    #####..
 Summon Ice Beast         Ice/Summ       #.......     100%        4    #####..
 Summon Lightning Spire   Summ/Air       #.......     100%        4    #####..
 Alistair's Intoxication  Tmut/Pois      #.......     100%        5    ######.
 Aura of Abjuration       Summ           #.........   100%        5    ######.
 Blade Hands              Tmut           #.........   100%        5    ######.
 Bolt of Magma            Conj/Fire/Erth #.........   100%        5    ######.
 Borgnjor's Vile Clutch   Necr/Erth      #.........   100%        5    ######.
 Fireball                 Conj/Fire      #.........   100%        5    ######.
 Irradiate                Conj/Tmut      #.........   100%        5    ######.
 Iskenderun's Battlesphe  Conj/Chrm      #.......     100%        5    ######.
 Lee's Rapid Deconstruct  Erth           #.........   100%        5    ######.
 Lightning Bolt           Conj/Air       #.........   100%        5    ######.
 Metabolic Englaciation   Hex/Ice        #.........   100%        5    ######.
 Silence                  Hex/Air        #.........   100%        5    ######.
 Summon Demon             Summ           #.........   100%        5    ######.
 Summon Forest            Summ/Tloc      #.........   100%        5    ######.
 Summon Mana Viper        Hex/Summ       #.......     100%        5    ######.
 Yara's Violent Unravell  Hex/Tmut       #.........   100%        5    ######.
 Darkness                 Hex            #.........   100%        6    #######
 Death Channel            Necr           #.........   100%        6    #######
 Deflect Missiles         Chrm/Air       #.........   100%        6    #######
 Dispersal                Tloc           #.........   100%        6    #######
 Eringya's Noxious Bog    Tmut/Pois      #.........   100%        6    #######
 Freezing Cloud           Conj/Ice/Air   #.........   100%        6    #######
 Invisibility             Hex            #.......     100%        6    #######
 Iron Shot                Conj/Erth      #.........   100%        6    #######
 Ozocubu's Refrigeration  Ice            #.........   100%        6    #######
 Shadow Creatures         Summ           N/A          100%        6    #######
 Simulacrum               Ice/Necr       #.........   100%        6    #######
 Starburst                Conj/Fire      #.........   100%        6    #######
 Statue Form              Tmut/Erth      #........    100%        6    #######
 Orb of Destruction       Conj           #.........   100%        7    #######
 Ring of Flames           Chrm/Fire      #.........   100%        7    #######
 Spellforged Servitor     Conj/Summ      #.........   100%        7    #######
 Discord                  Hex            #.........   100%        8    #######
 Ignition                 Fire           #.........   100%        8    #######
 Dragon's Call            Summ           #.........   100%        9    #######
 Shatter                  Erth           #.........   100%        9    #######
 Tornado                  Air            #.........   100%        9    #######
 Blink                    Tloc           Unusable     N/A         2    N/A
 Passage of Golubria      Tloc           Unusable     N/A         4    N/A

Dungeon Overview and Level Annotations

Branches:
Dungeon (15/15)            Temple (0/1) D:5            Lair (6/6) D:9
  Swamp (4/4) Lair:4       Spider (4/4) Lair:2          Orc (2/2) D:11
    Elf (3/3) Orc:2        Vaults (4/5) D:13          Crypt (0/3) Vaults:2
 Depths (5/5) D:15            Zot (5/5) Depths:5     Bailey (visited)
Gauntlet (visited)
  Slime: Lair:5-6

Altars:
Dithmenos
Hepliaklqana
Makhleb
Nemelex Xobeh
Okawaru
Xom
Yredelemnul
The Shining One
Beogh

Shops:
D:8 }!*:   Orc:2 *?[*%*   Elf:3 (   Vaults:1 ?   Vaults:2 [   Depths:1 =
Depths:2 =}=   Depths:4 (*   Depths:5 *((

Portals:
Hell: Depths:1 Depths:2 Depths:3 Depths:4 Depths:5
Abyss: Depths:1 Depths:4
Pandemonium: Depths:3 Depths:5
Ziggurat: Depths:4
Trove: Depths:2 (give 7 potions of stabbing)

Annotations:
D:6 corrupted
D:13 corrupted
Lair:6 exclusion: 4 oklob plants
Swamp:2 , corrupted
Swamp:4 corrupted
Spider:1 corrupted
Spider:4 corrupted
Elf:1 corrupted
Elf:2 corrupted
Vaults:1 corrupted
Vaults:3 corrupted
Vaults:4 corrupted
Depths:1 corrupted
Depths:3 3 runed translucent doors
Depths:4 corrupted
Depths:5 corrupted
Zot:3 3 runed translucent doors, exclusion: downstairs, alf2's ghost, legendary MiBe
Zot:4 corrupted
Zot:5 1 exclusion
Abyss:1 Mara; Urug


Innate Abilities, Weirdness & Mutations

You cannot be hasted, slowed, berserked, paralysed or teleported.
You can dig through walls and to a lower floor.
Your four strong arms can wield two-handed weapons with a shield.
You have a pair of large antennae on your head. (SInv)
You possess an exceptional clarity of mind.
You are dopey. (Int -2)
Your magical capacity is low. (-10% MP)
You sometimes yell uncontrollably at your foes.


Message History

You retract your mandibles.
There is a stone staircase leading up here.
You climb upwards.
There is a stone staircase leading down here.
An Ice Fiend comes into view.
The Ice Fiend roars!
You extend your mandibles.
You dig through the rock wall.
The Ice Fiend calls on the powers of darkness!
Your body is wracked with pain!
The Ice Fiend calls on the powers of darkness!
Your body is wracked with pain!
You dig through the rock wall.
You dig through the rock wall.
The Ice Fiend calls on the powers of darkness!
Your body is wracked with pain!
* * * LOW HITPOINT WARNING * * *
You retract your mandibles.
There is a staircase leading out of the dungeon here.
You have escaped!

.#.# #.##.## ##.......## #.#.
..>######.#...####.........###...
.................'.........'.รท...
#..######.#...####)........###...
#..######.##..## ##.......## #.#.
#..##........#.####......## #.##
.....)###.##......#......# #.#
##.##.# #....#.1.........# #.#
##.##.# ###..###@.######## #.#
...##.# #..# #..'.### ######.#
#####.#####..######...###......#
#..........# ##...#########
####.##..#.# ##..## #.##....#
##...# ####.###.#.# #....#
#..#.###.#.#####....#
##.............##....#


You could see an Ice Fiend.

Vanquished Creatures
  4 orbs of fire (Zot:5)
  2 ancient liches (Zot:5)
  A juggernaut (Depths:1)
  the Lernaean hydra (Swamp:4)
  Frederick (Depths:5)
  8 Killer Klowns
  17 golden dragons
  Jory (Depths:5)
  A bone dragon (Depths:5)
  4 electric golems
  The ghost of Xerdoz the Destroyer, an adept NaWz of Sif Muna (Vaults:1)
  5 liches
  15 tentacled monstrosities
  A Hell Sentinel (Zot:2)
  26 Orb Guardians
  9 quicksilver dragons
  The ghost of Ludwuzim the Eclecticist, an adept OpEE of Vehumet (Spider:4)
  3 deep elf blademasters
  A tentacled starspawn (Abyss:1)
  5 sphinxes
  10 death cobs
  A thorn hunter (Swamp:2)
  8 shadow dragons
  13 storm dragons
  6 draconian monks
  4 tengu reavers
  6 fire giants
  9 frost giants
  2 vault wardens
  2 balrugs
  9 draconian scorchers
  Louise (Depths:1)
  A draconian annihilator (Zot:2)
  A deep elf elementalist (Elf:3)
  5 draconian knights
  7 ghost moths
  4 ironheart preservers
  A ghoul (Vaults:3)
  28 very ugly things
  18 stone giants
  9 draconian shifters
  The ghost of Ryummano the Grappler, a journeyman TrSk of Okawaru (Lair:5)
  2 entropy weavers
  4 draconian stormcallers
  3 vampire knights
  8 deep elf demonologists
  12 green draconians
  9 white draconians
  11 black draconians
  7 yellow draconians
  11 red draconians
  A minotaur (Gauntlet)
  6 deep elf annihilators
  A spark wasp (Depths:1)
  11 purple draconians
  Snorg (D:12)
  11 ettins
  5 deep elf death magi
  2 green deaths
  2 deep elf high priests (Elf:3)
  13 great orbs of eyes
  16 fire dragons
  3 rakshasas
  13 hydras
  6 yaktaur captains
  12 ice dragons
  Harold (Lair:1)
  2 spriggan air magi
  A shambling mangrove (Swamp:4)
  19 deep troll shamans
  6 ghost crabs
  25 two-headed ogres
  16 dancing weapons
  A death knight (Vaults:2)
  3 centaur warriors
  5 tengu warriors
  20 deep troll earth magi
  3 death yaks (Lair:6)
  8 ogre magi
  5 orc high priests (Orc:2)
  9 alligators
  A shock serpent (shapeshifter) (Elf:2)
  A hell knight (Depths:3)
  A thrashing horror (Abyss:1)
  A vampire mage (Depths:3)
  9 spriggan berserkers
  4 sun demons
  A wretched star (Abyss:1)
  21 deep elf knights
  5 salamander mystics
  4 iron trolls
  3 sixfirhies
  Nergalle (Lair:3)
  6 unseen horrors
  An unseen horror (shapeshifter) (Elf:1)
  42 deep trolls
  6 spriggan druids
  A lindwurm (Lair:4)
  10 deep elf archers
  4 glowing orange brains
  4 flayed ghosts
  7 swamp dragons
  11 orc knights
  64 deep elf magi
  A harpy (shapeshifter) (Depths:1)
  A lindwurm (shapeshifter) (Depths:1)
  5 wizards
  3 phantasmal warriors
  5 large abominations (D:12)
  7 ironbrand convokers
  9 orb spiders
  3 harpies (Vaults:3)
  An orb spider (shapeshifter) (Depths:5)
  20 wolf spiders
  3 cyclopes
  A human zombie (Vaults:4)
  29 ugly things
  A salamander (shapeshifter) (Depths:3)
  3 orc sorcerers
  A manticore (D:13)
  3 elephants (Lair:6)
  15 salamanders
  31 moths of wrath
  2 moths of wrath (shapeshifter)
  A worldbinder (Abyss:1)
  3 apocalypse crabs (Swamp:2)
  A frost giant skeleton (Vaults:4)
  A smoke demon (Abyss:1)
  4 vault sentinels
  2 black mambas
  Joseph (D:7)
  16 spiny frogs
  A torpor snail (Spider:3)
  2 rime drakes
  3 orange demons
  3 komodo dragons
  6 freezing wraiths
  A yaktaur (shapeshifter) (Vaults:2)
  3 tengu conjurers
  An efreet (D:15)
  4 guardian mummies (Depths:1)
  31 yaktaurs
  An ancient zyme (Abyss:1)
  6 demonic crawlers
  A hellwing (D:15)
  A meliai (shapeshifter) (Vaults:2)
  26 jumping spiders
  7 polar bears
  2 meliai (Lair:4)
  6 trolls
  A troll (shapeshifter) (Depths:1)
  11 tyrant leeches
  34 hornets
  18 slime creatures
  2 polar bears (shapeshifter)
  6 bog bodies
  10 blink frogs
  A hippogriff (shapeshifter) (Elf:3)
  6 hippogriffs
  4 raiju (Abyss:1)
  6 dream sheep (Lair:4)
  2 air elementals
  72 redbacks
  2 vampires
  A shadow (Abyss:1)
  26 tarantellas
  2 wraiths
  21 spriggans
  A human (D:7)
  9 basilisks
  3 hogs (D:7)
  2 wyverns (Lair:5)
  A human (shapeshifter) (Depths:2)
  32 yaks
  10 small abominations
  2 neqoxecs (Abyss:1)
  A water elemental (Elf:2)
  A chaos spawn (Depths:5)
  A hungry ghost (D:12)
  A fire elemental (Depths:2)
  A human simulacrum (Vaults:1)
  13 vampire mosquitoes
  6 insubstantial wisps (Swamp:3)
  A steam dragon (shapeshifter) (Depths:1)
  3 wargs
  2 acid dragons
  A floating eye (shapeshifter) (Vaults:3)
  4 soldier ants (Gauntlet)
  15 swamp worms
  7 water moccasins
  8 porcupines
  Duvessa (D:8)
  5 swamp drakes
  46 orc warriors
  3 sky beasts
  6 ice beasts
  5 black bears
  A black bear (shapeshifter) (Vaults:3)
  2 eyes of draining (shapeshifter)
  8 phantoms
  33 wolves
  2 necrophages
  21 boggarts
  23 ogres
  13 centaurs
  3 big kobolds
  12 crocodiles
  3 earth elementals
  2 wyvern zombies
  Dowan (D:8)
  13 bullfrogs
  3 scorpions
  A water moccasin skeleton (D:8)
  33 killer bees
  2 troll zombies (D:11)
  4 howler monkeys
  14 wights
  An electric eel (Lair:2)
  7 crimson imps
  A bullfrog zombie (D:13)
  2 quasits
  4 jellies
  5 hounds
  5 bullfrog skeletons
  37 orc priests
  An iron imp (Depths:5)
  6 iguanas
  3 centaur skeletons
  20 orc wizards
  8 worker ants
  3 ogre zombies (D:11)
  2 hound skeletons (D:4)
  4 mummies (Depths:1)
  Robin (D:2)
  14 gnolls (Bailey)
  14 adders
  4 shadow imps
  A white imp (Abyss:1)
  An ooze (D:4)
  An adder skeleton (D:5)
  2 worms (D:2)
  5 dart slugs
  4 leopard geckos
  119 orcs
  A ball python (D:3)
  3 bats
  6 giant cockroaches
  28 goblins
  28 hobgoblins
  9 jackals
  5 quokkas
  6 frilled lizards
  A giant cockroach zombie (D:6)
  A goblin zombie (D:11)
  2 hobgoblin skeletons (D:11)
  18 kobolds
  A leopard gecko skeleton (D:5)
  A leopard gecko zombie (D:8)
  An orc skeleton (D:11)
  15 orc zombies (D:11)
  A quokka skeleton (D:4)
  13 rats
  A crawling corpse (Depths:4)
  A fire vortex (Depths:3)
  A plant (Lair:4)
  A starspawn tentacle (Abyss:1)
2062 creatures vanquished.

Vanquished Creatures (collateral kills)
  A pandemonium lord (Depths:5)
  An Executioner (Depths:5)
  A swamp dragon (Swamp:4)
3 creatures vanquished.

Vanquished Creatures (others)
  Sojobo (Depths:5)
  Bai Suzhen (Spider:4)
  2 caustic shrikes
  A golden dragon (Zot:5)
  The ghost of Owio the Warrior, an adept MiGl of Okawaru (Vaults:2)
  2 liches (Depths:4)
  Asterion (Elf:2)
  2 deep elf master archers (Elf:3)
  A sphinx (Vaults:2)
  2 shadow dragons
  A thorn hunter (Swamp:2)
  4 tengu reavers
  A storm dragon (Zot:4)
  Roxanne (Swamp:2)
  2 fire giants (Depths:4)
  3 frost giants
  Aizul (Vaults:1)
  5 vault wardens
  An angel (Abyss:1)
  A deep elf elementalist (Elf:3)
  2 emperor scorpions
  2 ironheart preservers
  2 very ugly things
  2 entropy weavers
  6 stone giants
  A vampire knight (Depths:4)
  A spark wasp (Depths:1)
  A deep elf annihilator (Depths:4)
  A deep elf death mage (Elf:1)
  10 yaktaur captains
  A deep elf high priest (Depths:4)
  7 ogre magi
  4 fire dragons
  A spriggan air mage (Depths:3)
  7 hydras
  5 ice dragons
  3 centaur warriors
  A shambling mangrove (Swamp:3)
  8 two-headed ogres
  2 death knights (Vaults:3)
  12 dancing weapons
  7 alligators
  A death yak (Lair:6)
  3 deep troll earth magi
  A tengu warrior (Depths:1)
  3 deep troll shamans (Depths:1)
  A spriggan berserker (Depths:4)
  8 deep elf knights
  2 deep trolls
  A glowing orange brain (Gauntlet)
  4 swamp dragons
  4 wizards
  A phantasmal warrior (Vaults:4)
  A swamp dragon (shapeshifter) (Vaults:3)
  7 orc knights
  A lindwurm (Lair:3)
  An ironbrand convoker (Vaults:4)
  6 deep elf archers
  2 necromancers
  4 cyclopes
  2 orb spiders
  5 ugly things
  3 wolf spiders
  3 salamanders
  18 deep elf magi
  2 stone giant skeletons (Vaults:4)
  A black mamba (Lair:4)
  A rust devil (Depths:5)
  8 vault sentinels
  A centaur zombie (D:15)
  A torpor snail (Spider:1)
  A centaur skeleton (D:13)
  4 spiny frogs
  2 komodo dragons
  A demonic crawler (Spider:1)
  25 yaktaurs
  A freezing wraith (Vaults:3)
  An ice devil (Depths:1)
  A queen bee (Lair:4)
  A meliai (Lair:4)
  3 jumping spiders
  A blink frog (shapeshifter) (Elf:2)
  12 slime creatures
  A blink frog (Lair:5)
  A dream sheep (Lair:4)
  A snapping turtle (shapeshifter) (Spider:1)
  2 hippogriffs
  14 redbacks
  A small abomination (Abyss:1)
  2 spriggans
  6 tarantellas
  3 yaks
  2 hungry ghosts (D:11)
  A vampire mosquito (Swamp:3)
  4 swamp worms (Swamp:4)
  A soldier ant (Gauntlet)
  8 orc warriors
  A sky beast (D:14)
  3 swamp drakes (Swamp:4)
  6 ogres (Vaults:3)
  2 wolves (Lair:6)
  5 centaurs
  4 boggarts
  A killer bee (Lair:4)
  A wight (D:7)
  2 crimson imps (Depths:5)
  2 quasits
  An iron imp (Depths:5)
  2 orc priests (Vaults:3)
  An iguana (D:8)
  An orc wizard (Orc:1)
  An ogre zombie (D:11)
  2 white imps (Depths:5)
  A leopard gecko (Depths:4)
  5 orcs
  A frilled lizard (Depths:4)
  2 kobolds
  A bush (Lair:6)
  25 fungi
  32 plants
  59 starspawn tentacles
  2 withered plants (Gauntlet)
479 creatures vanquished.

Grand Total: 2544 creatures vanquished

Notes
Turn   | Place    | Note
-------+----------+-------------------------------------------
     0 | Abyss:1  | Ezendos the Formicid Abyssal Knight began the quest for the
                  | Orb.
     0 | Abyss:1  | Reached XP level 1. HP: 18/18 MP: 2/2
     5 | Abyss:1  | Found a corrupted altar of Lugonu.
    38 | D:1      | Escaped the Abyss
    50 | D:1      | Reached skill level 1 in Dodging
   142 | D:1      | Reached XP level 2. HP: 24/24 MP: 3/3
   266 | D:1      | Found a glowing golden altar of the Shining One.
   473 | D:1      | Reached XP level 3. HP: 29/29 MP: 4/4
   567 | D:1      | Reached ** piety under Lugonu
  1298 | D:2      | Identified the +0 helmet "Agace" {SInv Stlth+}
  1298 | D:2      | Noticed Robin
  1312 | D:2      | Killed Robin
  1312 | D:2      | Reached XP level 4. HP: 34/37 MP: 6/6
  2098 | D:2      | Reached skill level 4 in Fighting
  2113 | D:2      | Reached XP level 5. HP: 34/42 MP: 7/7
  2349 | D:3      | Found a basalt altar of Yredelemnul.
  2891 | D:3      | Reached *** piety under Lugonu
  3310 | D:3      | You fall into a shaft and drop 2 floors!
  3310 | D:5      | Entered Level 5 of the Dungeon
  3317 | D:5      | Found a staircase to the Ecumenical Temple.
  3463 | D:5      | Noticed a centaur
  3500 | D:4      | Reached skill level 1 in Stealth
  3557 | D:4      | Reached XP level 6. HP: 4/50 MP: 8/8
  3974 | D:4      | Reached skill level 1 in Shields
  4888 | D:5      | Reached skill level 5 in Fighting
  4888 | D:5      | Reached XP level 7. HP: 56/56 MP: 9/9
  5036 | D:5      | You fall into a shaft and drop 3 floors!
  5053 | D:7      | Noticed Dowan
  5053 | D:7      | Noticed Duvessa
  5084 | D:8      | Killed Duvessa
  5084 | D:8      | Reached skill level 5 in Shields
  5097 | D:8      | Killed Dowan
  5300 | D:7      | Reached **** piety under Lugonu
  5300 | D:7      | Reached XP level 8. HP: 57/62 MP: 11/11
  5307 | D:7      | Reached skill level 5 in Invocations
  6180 | D:6      | Upgraded the game from 0.25-a0-663-gace7076f2c to
                  | 0.25-a0-665-ga69d64035b
  6295 | D:6      | Reached XP level 9. HP: 48/68 MP: 12/12
  6713 | D:6      | Reached skill level 6 in Fighting
  7102 | D:7      | Noticed Joseph
  7180 | D:7      | Killed Joseph
  7180 | D:7      | Reached skill level 8 in Fighting
  7430 | D:7      | Found the +8 demon trident "Rift" {distort, reach+}
  7490 | D:7      | Reached skill level 1 in Polearms
  7556 | D:7      | Reached XP level 10. HP: 82/82 MP: 13/13
  7654 | D:7      | Reached skill level 9 in Fighting
  7699 | D:7      | Reached skill level 5 in Polearms
  8027 | D:7      | Found a hazy altar of Hepliaklqana.
  8222 | D:7      | Found a sparkling altar of Nemelex Xobeh.
  8316 | D:8      | Found Wakk's General Store.
  8327 | D:8      | Bought a scroll of summoning for 95 gold pieces
  8327 | D:8      | Bought a potion of curing for 30 gold pieces
  8353 | D:8      | Found Saun's Gadget Shoppe.
  8383 | D:8      | Bought a wand of acid (2) for 168 gold pieces
  8512 | D:8      | Reached ***** piety under Lugonu
  8635 | D:8      | Found Mivvakke's Book Emporium.
  8871 | D:8      | Noticed a two-headed ogre
  9080 | D:8      | Found Edich's Distillery.
  9108 | D:8      | Bought a potion of flight for 36 gold pieces
  9108 | D:8      | Bought a potion of heal wounds for 60 gold pieces
  9108 | D:8      | Bought 2 potions of lignification for 72 gold pieces
  9250 | D:8      | Reached skill level 10 in Fighting
  9378 | D:9      | Found a staircase to the Lair.
  9563 | D:9      | Reached XP level 11. HP: 84/90 MP: 15/17
  9865 | D:9      | Found a burning altar of Makhleb.
  9876 | D:9      | Found a shadowy altar of Dithmenos.
 10043 | D:9      | Reached skill level 10 in Invocations
 10135 | Lair:1   | Entered Level 1 of the Lair of Beasts
 10413 | Lair:1   | Reached skill level 10 in Shields
 10580 | Lair:1   | Noticed Harold
 11257 | Lair:1   | Killed Harold
 11915 | Lair:2   | Found a hole to the Spider Nest.
 12467 | Lair:3   | Reached XP level 12. HP: 89/97 MP: 19/19
 12753 | Lair:3   | Noticed Nergalle
 12769 | Lair:3   | Killed Nergalle
 12852 | Lair:3   | Noticed a five-headed hydra
 12853 | Lair:3   | Banished a five-headed hydra
 13108 | Lair:3   | You fall into a shaft and drop 1 floor!
 13206 | Lair:4   | Identified 2 scrolls of acquirement
 13207 | Lair:4   | Identified the amulet "Azxuon" {Acrobat Str-2 Int+2 Dex+2}
                  | (You acquired it on level 4 of the Lair of Beasts)
 13660 | D:8      | Bought a wand of scattershot (3) for 294 gold pieces
 13677 | D:8      | Bought 2 potions of stabbing for 96 gold pieces
 13677 | D:8      | Bought a potion of curing for 36 gold pieces
 13677 | D:8      | Bought a potion of lignification for 36 gold pieces
 13677 | D:8      | Bought a potion of curing for 36 gold pieces
 13677 | D:8      | Bought a potion of ambrosia for 96 gold pieces
 13785 | D:10     | Entered Level 10 of the Dungeon
 14572 | Lair:4   | Noticed a seven-headed hydra
 14573 | Lair:4   | Banished a seven-headed hydra
 14877 | Lair:4   | Reached skill level 15 in Shields
 14981 | Lair:5   | Reached XP level 13. HP: 98/103 MP: 21/21
 15901 | Lair:5   | Found a runed translucent door.
 15947 | Lair:5   | Noticed Ryummano's ghost (journeyman TrSk)
 16035 | Lair:5   | Noticed an eight-headed hydra
 16036 | Lair:5   | Banished an eight-headed hydra
 16264 | Lair:6   | Entered Level 6 of the Lair of Beasts
 16585 | Lair:6   | Reached skill level 5 in Armour
 16666 | Lair:6   | Noticed a seven-headed hydra
 16667 | Lair:6   | Banished a seven-headed hydra
 16977 | Lair:6   | Reached ****** piety under Lugonu
 17324 | Lair:6   | Reached skill level 5 in Dodging
 17353 | Lair:6   | Reached skill level 11 in Fighting
 17506 | Lair:6   | Reached XP level 14. HP: 113/113 MP: 23/23
 18798 | D:10     | Got a twisted hunting sling
 18799 | D:10     | Identified the +4 hunting sling of Destruction {venom,
                  | rElec Dex+3} (You found it on level 10 of the Dungeon)
 19053 | D:10     | Got a dazzling hand crossbow
 19057 | D:10     | Identified the cursed +1 hand crossbow of Muram {freeze,
                  | rF+} (You found it on level 10 of the Dungeon)
 19470 | D:11     | Found a gate leading to a gauntlet.
 19480 | Gauntlet | Entered a Gauntlet
 19480 | Gauntlet | Found a transporter.
 19480 | Gauntlet | Found a transporter.
 19484 | Gauntlet | Found a transporter.
 19484 | Gauntlet | Found a transporter.
 19494 | Gauntlet | Found a transporter.
 19502 | Gauntlet | Found a transporter.
 19504 | Gauntlet | Found a transporter.
 19504 | Gauntlet | Found a transporter.
 19508 | Gauntlet | Found a transporter.
 19542 | Gauntlet | Found a transporter.
 19560 | Gauntlet | Found a transporter.
 19570 | Gauntlet | Found a transporter.
 19616 | Gauntlet | Found a transporter.
 19618 | Gauntlet | Found a large runed translucent door.
 19618 | Gauntlet | Found a large runed translucent door.
 19619 | Gauntlet | Found a large runed translucent door.
 19619 | Gauntlet | Found a large runed translucent door.
 19620 | Gauntlet | Found a large runed translucent door.
 19620 | Gauntlet | Found a runed translucent door.
 19620 | Gauntlet | Found a large runed translucent door.
 19620 | Gauntlet | Found a runed translucent door.
 19620 | Gauntlet | Found a large runed translucent door.
 19620 | Gauntlet | Found a large runed translucent door.
 19621 | Gauntlet | Found a large runed translucent door.
 19621 | Gauntlet | Found a large runed translucent door.
 19624 | Gauntlet | Found a large runed translucent door.
 19624 | Gauntlet | Found a large runed translucent door.
 19626 | Gauntlet | Found a large runed translucent door.
 19626 | Gauntlet | Found a large runed translucent door.
 19626 | Gauntlet | Found a large runed translucent door.
 19628 | Gauntlet | Found a runed translucent gate.
 19628 | Gauntlet | Found a runed translucent gate.
 19628 | Gauntlet | Found a runed translucent gate.
 19630 | Gauntlet | Found a transporter.
 19641 | Gauntlet | Found a large runed translucent door.
 19730 | Gauntlet | Found a transporter.
 19746 | Gauntlet | Found a transporter.
 19859 | Gauntlet | Identified the amulet of Sulisio {Faith +Blink rN+ Int+4
                  | Dex+3} (You acquired it in a Gauntlet)
 19907 | Gauntlet | Reached skill level 1 in Slings
 20251 | Gauntlet | Got a transparent garnet amulet
 20297 | Gauntlet | Got a pitted steel amulet
 20341 | Gauntlet | Noticed a minotaur
 20351 | Gauntlet | Killed a minotaur
 20366 | Gauntlet | Identified Sotigg's Compendium of Shifting Evil
 20374 | D:11     | Identified the amulet "Ujaquu" {Faith *Drain +Blink Dex+3}
                  | (You found it in a Gauntlet)
 20376 | D:11     | Identified the amulet of Fefet {Acrobat Int+4} (You found
                  | it in a Gauntlet)
 20442 | D:11     | Reached skill level 12 in Fighting
 20492 | D:11     | Found a staircase to the Orcish Mines.
 21187 | D:11     | Reached skill level 10 in Polearms
 21459 | D:11     | Found a staircase to the Orcish Mines.
 21798 | D:12     | Noticed Snorg
 21806 | D:12     | Killed Snorg
 22098 | D:12     | Got a faintly glowing steel amulet
 22099 | D:12     | Identified the Reference Book on Helpful Flames
 22107 | D:12     | Identified the amulet of Hooph {+Blink +Rage MP+9} (You
                  | found it on level 12 of the Dungeon)
 22155 | D:12     | Got an ichor-stained chain mail
 22166 | D:12     | Identified the cursed +1 chain mail of Submission {rCorr
                  | Str+7} (You found it on level 12 of the Dungeon)
 22265 | D:11     | Found a shimmering altar of Xom.
 22407 | D:13     | Noticed Urug
 22497 | D:13     | Banished Urug
 22626 | D:13     | Reached skill level 1 in Throwing
 22629 | D:13     | Reached skill level 1 in Evocations
 22629 | D:13     | Reached XP level 15. HP: 110/120 MP: 24/24
 22634 | D:13     | Found a gate to the Vaults.
 22839 | D:13     | Noticed a tengu reaver
 22850 | D:13     | Banished a tengu reaver
 22917 | D:13     | Noticed a shadow dragon
 22918 | D:13     | Corrupted D:13
 22918 | D:13     | Noticed a tentacled starspawn
 22930 | D:13     | Noticed a sphinx
 22932 | D:13     | Killed a shadow dragon
 22944 | D:13     | Killed a sphinx
 23689 | D:14     | Found an iron altar of Okawaru.
 23859 | D:14     | You fall into a shaft and drop 1 floor!
 23859 | D:15     | Entered Level 15 of the Dungeon
 24597 | D:15     | Found a staircase to the Depths.
 24855 | D:15     | Reached skill level 5 in Slings
 24982 | D:15     | Reached skill level 5 in Evocations
 25657 | Lair:4   | Got a jewelled arbalest
 25660 | Lair:4   | Identified the +8 arbalest of Uncomfortable Rashes {elec,
                  | +Inv} (You found it on level 4 of the Lair of Beasts)
 25668 | Lair:4   | Found a staircase to the Swamp.
 25685 | Swamp:1  | Entered Level 1 of the Swamp
 26104 | D:8      | Bought a scroll of silence for 75 gold pieces
 27718 | Swamp:1  | Reached skill level 1 in Crossbows
 28179 | Swamp:1  | Noticed a white very ugly thing
 28456 | Swamp:1  | Reached XP level 16. HP: 100/127 MP: 25/25
 29650 | Swamp:2  | Found a runed translucent door.
 29938 | Swamp:2  | Noticed a thorn hunter
 30018 | Swamp:2  | Corrupted Swamp:2
 30018 | Swamp:2  | Noticed a tentacled starspawn
 30018 | Swamp:2  | Noticed a tentacled starspawn
 30023 | Swamp:2  | Noticed a tentacled starspawn
 30023 | Swamp:2  | Killed a thorn hunter
 30047 | Swamp:2  | Noticed a tentacled starspawn
 30085 | Swamp:2  | Killed Roxanne
 30540 | Swamp:2  | Identified Roxanne's Compendium of Stones
 30744 | Swamp:3  | Noticed a thorn hunter
 32273 | Swamp:3  | Reached skill level 13 in Fighting
 32466 | Swamp:4  | Entered Level 4 of the Swamp
 33173 | Spider:1 | Entered Level 1 of the Spider Nest
 33180 | Spider:1 | Corrupted Spider:1
 34749 | Spider:2 | Found a runed translucent door.
 35520 | Spider:3 | Reached XP level 17. HP: 132/137 MP: 26/26
 35575 | Spider:3 | Reached skill level 10 in Armour
 35985 | Spider:3 | Reached skill level 14 in Fighting
 36431 | Spider:4 | Entered Level 4 of the Spider Nest
 36504 | Spider:4 | Noticed Bai Suzhen
 36505 | Spider:4 | Corrupted Spider:4
 36505 | Spider:4 | Noticed a bone dragon
 36505 | Spider:4 | Noticed an ancient lich
 36505 | Spider:4 | Noticed a tentacled starspawn
 36511 | Spider:4 | Noticed a lich
 36513 | Spider:4 | Killed Bai Suzhen
 37107 | Spider:4 | Reached skill level 15 in Polearms
 38365 | Spider:4 | Got a gossamer rune of Zot
 38706 | Spider:4 | Found a large runed translucent door.
 38707 | Spider:4 | Found a large runed translucent door.
 38710 | Spider:4 | Noticed Ludwuzim's ghost (adept OpEE)
 39483 | Lair:5   | Killed Ryummano's ghost
 39483 | Lair:5   | Reached skill level 15 in Invocations
 39797 | Swamp:4  | Corrupted Swamp:4
 40240 | Swamp:4  | Noticed a profane servitor
 40443 | Swamp:4  | Noticed the 27-headed Lernaean hydra
 41525 | Swamp:4  | Reached XP level 18. HP: 146/146 MP: 29/29
 41794 | Orc:1    | Entered Level 1 of the Orcish Mines
 41958 | Orc:1    | Found a flagged portal.
 41964 | Bailey   | Entered a bailey
 42350 | Bailey   | Reached XP level 19. HP: 152/152 MP: 30/30
 42355 | Bailey   | Reached XP level 20. HP: 159/159 MP: 31/31
 42791 | Orc:2    | Entered Level 2 of the Orcish Mines
 42806 | Orc:2    | Found a staircase to the Elven Halls.
 42820 | Orc:2    | Found Hityaq Suno's Food Shop.
 42821 | Orc:2    | Found a roughly hewn altar of Beogh.
 43205 | Orc:2    | Found Toigos's Tempting Trifles.
 43914 | Orc:2    | Found Coqog's Antique Armour Shoppe.
 43917 | Orc:2    | Found Viazig's Magic Scroll Emporium.
 43918 | Orc:2    | Found Buynohore's General Store.
 43919 | Orc:2    | Found Fastaom's General Store.
 43922 | Orc:2    | Bought a scroll of summoning for 123 gold pieces
 43926 | Orc:2    | Bought a glowing plate armour for 702 gold pieces
 43985 | Orc:2    | Bought a scroll of magic mapping for 52 gold pieces
 43987 | Orc:2    | Bought a scroll of acquirement for 780 gold pieces
 44134 | Elf:1    | Entered Level 1 of the Elven Halls
 44401 | Elf:1    | Corrupted Elf:1
 44798 | Vaults:1 | Entered Level 1 of the Vaults
 44813 | Vaults:1 | Noticed Aizul
 44884 | Vaults:1 | Corrupted Vaults:1
 44926 | Vaults:1 | Killed Aizul
 46229 | Vaults:1 | Identified the +1 pair of boots of an ice cave {MR+} (You
                  | found it on level 1 of the Vaults)
 46560 | Vaults:1 | Identified the +10 arbalest of Sin {flame, Int+4}
 46802 | Vaults:1 | Found Inladaig's Magic Scroll Shop.
 46822 | Vaults:1 | Bought a scroll of enchant armour for 112 gold pieces
 47732 | Vaults:1 | Found a runed translucent door.
 47732 | Vaults:1 | Noticed Xerdoz's ghost (adept NaWz)
 48136 | Vaults:2 | Reached skill level 5 in Crossbows
 48149 | Vaults:2 | Reached skill level 15 in Fighting
 48345 | Vaults:2 | Found a staircase to the Crypt.
 48657 | Vaults:2 | Found Fuvil's Antique Armour Shoppe.
 48765 | Vaults:2 | Reached XP level 21. HP: 164/168 MP: 33/33
 49272 | Vaults:2 | Noticed Owio's ghost (adept MiGl)
 49273 | Vaults:2 | Found a runed translucent gate.
 49273 | Vaults:2 | Found a runed translucent gate.
 49273 | Vaults:2 | Found a runed translucent gate.
 49739 | Vaults:2 | Noticed a juggernaut
 49740 | Vaults:2 | Noticed a shard shrike
 49740 | Vaults:2 | a juggernaut changed into a shard shrike
 49744 | Vaults:2 | Noticed a juggernaut
 49744 | Vaults:2 | a shard shrike changed into a juggernaut
 49749 | Vaults:2 | Noticed a shard shrike
 49749 | Vaults:2 | a juggernaut changed into a shard shrike
 49770 | Vaults:2 | Noticed a juggernaut
 49770 | Vaults:2 | Noticed a shard shrike
 49770 | Vaults:2 | a juggernaut changed into a shard shrike
 49773 | Vaults:2 | Noticed a juggernaut
 49778 | Vaults:2 | Noticed a shard shrike
 49778 | Vaults:2 | a titan changed into a shard shrike
 49782 | Vaults:2 | Noticed a juggernaut
 49782 | Vaults:2 | a shard shrike changed into a juggernaut
 49783 | Vaults:2 | a juggernaut changed into a titan
 49862 | Vaults:2 | Noticed a golden dragon
 49864 | Vaults:2 | a golden dragon changed into an acid blob
 50047 | Vaults:2 | Noticed a caustic shrike
 50047 | Vaults:2 | a shadow dragon changed into a caustic shrike
 50048 | Vaults:2 | a caustic shrike changed into a shadow dragon
 51851 | Vaults:3 | Corrupted Vaults:3
 51874 | Vaults:3 | Noticed a profane servitor
 51878 | Vaults:3 | Noticed a Tzitzimitl
 54125 | Vaults:3 | Reached skill level 16 in Fighting
 55549 | Vaults:4 | Corrupted Vaults:4
 55549 | Vaults:4 | Noticed a bone dragon
 55549 | Vaults:4 | Noticed a bone dragon
 55570 | Vaults:4 | Reached XP level 22. HP: 169/178 MP: 30/35
 57101 | Depths:1 | Entered Level 1 of the Depths
 57193 | Depths:1 | Found a gateway to Hell.
 57497 | Depths:1 | Found Zodeaxa's Jewellery Shop.
 57499 | Depths:1 | Found a one-way gate to the infinite horrors of the Abyss.
 57499 | Depths:1 | Noticed Louise
 57967 | Depths:1 | Killed Louise
 58903 | Depths:1 | Reached skill level 17 in Fighting
 59919 | Depths:1 | Reached skill level 15 in Armour
 60114 | Depths:1 | Upgraded the game from 0.25-a0-665-ga69d64035b to
                  | 0.25-a0-667-gb977e01cb5
 60392 | Depths:1 | Noticed a golden dragon
 60414 | Depths:1 | Noticed a juggernaut
 60417 | Depths:1 | Corrupted Depths:1
 60518 | Depths:1 | Reached XP level 23. HP: 120/190 MP: 36/36
 60537 | Depths:1 | Voluntarily entered the Abyss.
 60551 | Abyss:1  | Reached skill level 18 in Fighting
 61242 | Depths:1 | Escaped the Abyss
 61570 | Depths:1 | Noticed a golden dragon
 61808 | Depths:1 | Noticed a golden dragon
 61823 | Depths:1 | Killed a golden dragon
 62015 | Depths:1 | Killed a juggernaut
 62015 | Depths:1 | Reached skill level 19 in Fighting
 62052 | Depths:1 | Killed a golden dragon
 62379 | Depths:1 | Killed a golden dragon
 64254 | Elf:1    | Identified the Volume of Calling
 65798 | Elf:2    | Reached XP level 24. HP: 186/203 MP: 36/36
 65867 | Elf:2    | Found a runed translucent gate.
 65869 | Elf:2    | Found a runed translucent gate.
 65873 | Elf:2    | Found a runed translucent gate.
 66033 | Elf:3    | Entered Level 3 of the Elven Halls
 66449 | Elf:3    | Reached skill level 20 in Fighting
 66717 | Elf:3    | Found Rupado Numi's Weapon Boutique.
 67741 | Elf:3    | Identified the +9 scimitar of Instant Death {antimagic,
                  | *Noise rElec rPois Dex+2}
 67741 | Elf:3    | Identified the +6 leather armour "Itoariv" {SInv}
 67936 | Elf:3    | Reached skill level 10 in Crossbows
 68010 | Elf:3    | Identified the +7 hand axe "Baerupyl" {holy, +Blink}
 68021 | Elf:3    | Identified the amulet of the Little Devil {Reflect rElec
                  | rF+ rN+ MR+ Int-2 SH+4}
 68157 | Elf:3    | Identified the +3 scale mail of the Tundras {rPois}
 68168 | Elf:3    | Identified the +2 chain mail "Agac" {*Drain rF- Regen+
                  | Int+5}
 68329 | Elf:3    | Identified the cursed +0 quarterstaff of Wapomomn {drain,
                  | rC++ Str-4}
 68469 | Elf:3    | Identified the +5 glaive of the Wasteland {flame, Int+4}
 68864 | Elf:3    | Identified the +9 dire flail "Eggem" {chaos, Str+5}
 68933 | Elf:3    | Identified Jinuolasch's Incunabulum of Igneous Orientation
 69630 | Depths:1 | Noticed a golden dragon
 69659 | Depths:1 | Killed a golden dragon
 70467 | Depths:1 | Identified the cursed +3 arbalest of Pandemonium {freeze,
                  | rF+ rC- Str+4} (You found it on level 1 of the Depths)
 70523 | Depths:2 | Noticed a caustic shrike
 70702 | Depths:2 | Reached skill level 10 in Dodging
 71092 | Depths:2 | Found Lotam's Jewellery Boutique.
 71094 | Depths:2 | Found Zusale's Gadget Emporium.
 71095 | Depths:2 | Found Raol's Jewellery Boutique.
 71114 | Depths:2 | Bought an uncursed ring of resist corrosion for 320 gold
                  | pieces
 71114 | Depths:2 | Bought an uncursed ring of protection from fire for 400
                  | gold pieces
 71196 | Depths:1 | Reached XP level 25. HP: 162/210 MP: 36/36
 71206 | Depths:1 | Learned a level 1 spell: Apportation
 71209 | Depths:1 | Learned a level 2 spell: Sticks to Snakes
 71320 | Depths:2 | Banished a caustic shrike
 71742 | Depths:2 | Found the +10 Black Knight's horse barding {ponderous,
                  | rPois rN+}
 71991 | Depths:2 | Found a portal to a secret trove of treasure.
 73088 | Depths:3 | Noticed Mara
 73095 | Depths:3 | Banished Mara
 74085 | Depths:3 | Found a runed translucent gate.
 74085 | Depths:3 | Found a runed translucent gate.
 74085 | Depths:3 | Found a runed translucent gate.
 74150 | Depths:3 | Found a one-way gate leading to the halls of Pandemonium.
 74314 | Depths:4 | Found Wamy's General Store.
 74318 | Depths:4 | Found Vuxom's Antique Weapon Boutique.
 74320 | Depths:4 | Bought a potion of heal wounds for 120 gold pieces
 75145 | Depths:4 | Corrupted Depths:4
 75486 | Depths:4 | Found a shimmering altar of Xom.
 75545 | Depths:4 | Found a gateway to a ziggurat.
 76468 | Swamp:2  | Identified Meeskago's Catalogue of Enchantment
 76700 | Swamp:4  | Killed the 26-headed Lernaean hydra
 76980 | Swamp:4  | Reached XP level 26. HP: 176/219 MP: 36/36
 77461 | Swamp:4  | Got a decaying rune of Zot
 78256 | Spider:4 | Killed Ludwuzim's ghost
 78603 | Elf:2    | Noticed Asterion
 78604 | Elf:2    | Corrupted Elf:2
 78613 | Elf:2    | Killed Asterion
 79386 | Vaults:2 | Identified the amulet of Qaepn {Faith Str+3 Dex+2} (You
                  | acquired it on level 2 of the Vaults)
 79458 | Vaults:2 | Found Fuvil's Antique Armour Shoppe.
 79862 | Vaults:1 | Killed Xerdoz's ghost
 80115 | Vaults:2 | Banished Owio's ghost
 80267 | Vaults:2 | Found a staircase to the Crypt.
 82430 | Depths:5 | Entered Level 5 of the Depths
 82434 | Depths:5 | Noticed Frederick
 82483 | Depths:5 | Found the +6 arbalest "Damnation" {damnation}
 82662 | Depths:5 | Noticed Jory
 82882 | Depths:5 | Reached skill level 15 in Crossbows
 82890 | Depths:5 | Killed Jory
 82890 | Depths:5 | Reached skill level 21 in Fighting
 82930 | Depths:5 | Killed Frederick
 83538 | Depths:5 | Noticed Sojobo
 83551 | Depths:5 | Reached XP level 27. HP: 204/227 MP: 36/36
 83814 | Depths:5 | Found Ceucoq's Weapon Shop.
 83947 | Depths:5 | Found Weostuh's Antique Weapon Boutique.
 84252 | Depths:5 | Found a gate to the Realm of Zot.
 84374 | Depths:5 | Found Xuqio's Assorted Antiques.
 84382 | Depths:5 | Bought a fine golden ring for 230 gold pieces
 84382 | Depths:5 | Identified the ring "Feucag" {*Corrode rC+ MR+ Dex+2} (You
                  | bought it in a shop on level 5 of the Depths)
 84472 | Depths:5 | Corrupted Depths:5
 84486 | Depths:5 | Killed Sojobo
 85529 | Depths:4 | Voluntarily entered the Abyss.
 85560 | Abyss:3  | Got an abyssal rune of Zot
 85561 | Depths:4 | Escaped the Abyss
 85642 | Zot:1    | Entered Level 1 of the Realm of Zot
 88548 | Zot:2    | Noticed a Killer Klown
 88556 | Zot:2    | Killed a Killer Klown
 88915 | Zot:3    | Reached skill level 10 in Evocations
 89192 | Zot:2    | Got a bloodstained cloak
 89193 | Zot:2    | Identified the cursed +0 cloak of Beogh's Approval {+Inv
                  | rCorr Str-5 Dex+3} (You found it on level 2 of the Realm of
                  | Zot)
 90167 | Zot:3    | Identified the +0 pair of boots of the Exiled Ghosts {rElec
                  | Str+3} (You acquired it on level 3 of the Realm of Zot)
 90167 | Zot:3    | Identified the amulet of Law {Harm *Drain Str+3 Dex+4} (You
                  | acquired it on level 3 of the Realm of Zot)
 90186 | Zot:3    | Noticed alf2's ghost (legendary MiBe)
 90953 | Zot:3    | Found a runed translucent gate.
 90953 | Zot:3    | Found a runed translucent gate.
 90953 | Zot:3    | Found a runed translucent gate.
 91539 | Zot:4    | Corrupted Zot:4
 92217 | Zot:5    | Entered Level 5 of the Realm of Zot
 92264 | Zot:4    | Noticed a Killer Klown
 92296 | Zot:4    | Killed a Killer Klown
 93274 | Zot:5    | Reached skill level 15 in Dodging
 93675 | Zot:5    | Reached skill level 22 in Fighting
 94389 | Zot:5    | Noticed a Killer Klown
 94409 | Zot:5    | Killed a Killer Klown
 94682 | Zot:5    | Noticed an ancient lich
 94687 | Zot:5    | Killed an ancient lich
 94729 | Zot:5    | Noticed an orb of fire
 94732 | Zot:5    | Gained mutation: You possess an exceptional clarity of
                  | mind. [an orb of fire]
 94739 | Zot:5    | Killed an orb of fire
 94994 | Zot:5    | Noticed an orb of fire
 94996 | Zot:5    | Gained mutation: You occasionally shout uncontrollably at
                  | your foes. [an orb of fire]
 95001 | Zot:5    | Gained mutation: Your magical capacity is low. (-10% MP)
                  | [an orb of fire]
 95002 | Zot:5    | Killed an orb of fire
 95142 | Zot:5    | Noticed an orb of fire
 95142 | Zot:5    | Noticed an ancient lich
 95144 | Zot:5    | Gained mutation: You are dopey. (Int -2) [an orb of fire]
 95149 | Zot:5    | Gained mutation: You sometimes yell uncontrollably at your
                  | foes. [an orb of fire]
 95152 | Zot:5    | Killed an orb of fire
 95164 | Zot:5    | Killed an ancient lich
 95317 | Zot:5    | Noticed a Killer Klown
 95334 | Zot:5    | Killed a Killer Klown
 97588 | Zot:5    | Noticed a Killer Klown
 97616 | Zot:5    | Killed a Killer Klown
 97715 | Zot:5    | Noticed a Killer Klown
 97736 | Zot:5    | Killed a Killer Klown
 97742 | Zot:5    | Noticed an orb of fire
 97744 | Zot:5    | Noticed a Killer Klown
 97747 | Zot:5    | Killed an orb of fire
 97757 | Zot:5    | Killed a Killer Klown
 97892 | Zot:5    | Noticed a Killer Klown
 98010 | Zot:5    | Killed a Killer Klown
 98725 | Zot:5    | Got the Orb of Zot
 98830 | Zot:3    | Noticed Puatz the pandemonium lord
 99025 | Depths:5 | Noticed Newik the pandemonium lord
 99031 | Depths:5 | Upgraded the game from 0.25-a0-667-gb977e01cb5 to
                  | 0.25-a0-668-gea548f19b6
 99041 | Depths:5 | Killed Newik the pandemonium lord
 99058 | Depths:4 | Noticed Penoukh the pandemonium lord
 99148 | Depths:1 | Noticed Vim Gits the pandemonium lord
 99256 | D:12     | Reached skill level 23 in Fighting
 99265 | D:11     | Noticed a seraph
 99335 | D:6      | Noticed a seraph
 99339 | D:6      | Corrupted D:6
 99426 | D:$      | Escaped with the Orb!

Levels and vault maps discovered:
D:1:      dpeg_arrival_ratfight, layout_loops_corners, tso_metal_star
D:2:      minmay_angry_zag, layout_loops_corners,
          minmay_misc_feat_secret_circle, uniq_robin
D:3:      layout_basic, first_ration, roderic_roman_lattice,
          yredelemnul_altar_generic
D:4:      layout_basic
D:5:      layout_cave_pools, minmay_temple_entry_stoned_glass,
          grunt_ministairs_4, chequers_serial_rivers_small_b
D:6:      minmay_general_purpose_star, layout_basic
D:7:      layout_rooms, lemuel_coloured_pillars_altar, basic_altar,
          grunt_livestock, nicolae_zen_rock_garden, uniq_joseph, uniq_duvessa
D:8:      layout_loops_ring, serial_shops, shop, nicolae_shop_crystal,
          kennysheep_little_box, nicolae_shop_waterfront, eino_tiny_chamber
D:9:      layout_basic, grunt_temple_overflow_open, lair_entry_dummy
D:10:     layout_basic, minmay_variable_closet
D:11:     lemuel_upstairs_altar, layout_stronghold, zombieorc1_lemuel,
          gauntlet_entry_generic, roderic_serpentine_path
D:12:     layout_roguey, serial_curves, eino_curves_03, eino_curves_03,
          minmay_misc_feat_five, laboratory, uniq_snorg
D:13:     thingy_vault, layout_long_grid, david_vaults_1, uniq_urug
D:14:     layout_roguey, okawaru_ov_weapons_minmay,
          chequers_serial_rivers_micro_d, kennysheep_decorative_pillar
D:15:     grunt_enter_depths_hoard, layout_loops_ring, minivault_11
Lair:1:   layout_roguey, uniq_harold
Lair:2:   layout_concentric_octagons, spider_nest_entry_web_field,
          serial_bayou_shore_a
Lair:3:   layout_small_grid, chequers_serial_rivers_micro_e,
          kennysheep_basilisk_garden, grunt_megastairs_1, lemuel_fruit_tree,
          uniq_nergalle
Lair:4:   layout_roguey [special_room_bee], palyth_hydra_swamp_entry
Lair:5:   layout_regular_city, ebering_ghost_reflecting_pool,
          grunt_forest_stairs_clearing
Lair:6:   minmay_lair_end_enchanted_forest, layout_loops_ring,
          minmay_slime_entry_oklob_enclosed, serial_bayou_pond_d,
          wad_woods_road_06, grunt_megastairs_3, minmay_lair_oklob_chamber
Swamp:1:  layout_basic_swamp, evilmike_swamp_ruin_house_3
Swamp:2:  gammafunk_mikee_crab_dinner, layout_basic_swamp,
          nicolae_swamp_treefoil, uniq_roxanne
Swamp:3:  layout_falls_marsh, evilmike_swamp_ruin_rubble_2
Swamp:4:  swamp_old_school, layout_basic_swamp, swamp_pool2,
          infiniplex_staircase_pool_2
Spider:1: layout_spider_delve, drop_trap
Spider:2: cheibrodos_spider_deadly_dance
Spider:3: layout_spider_delve, nicolae_spider_shape
Spider:4: grunt_spider_rune_parallel, ebering_ghost_disaster_area, drop_trap,
          uniq_bai_suzhen
Orc:1:    layout_caves, enter_bailey_3
Orc:2:    st_orc_pillars, layout_diamond_mine, basic_altar, serial_shops,
          nicolae_shop_stone, nicolae_alphabet_shops
Elf:1:    eino_elf_arrival_sip, layout_loops_corners,
          portal_desolation_entry_nicolae_slug, minmay_elf_demonology,
          uniq_louise
Elf:2:    layout_loops_corners, uniq_asterion
Elf:3:    elf_hall_gauntlet_narrow, layout_loops_corners, serial_shops, shop
Vaults:1: gammafunk_vaults_ghost_grave, nicolae_vaults_know_your_exits,
          nicolae_vaults_rhombus_7, v_misc_15, nicolae_vaults_yaktaur_gun_rack,
          vaults_dpeg_encased_lava, v_pattern_4, layout_vaults_omnigrid,
          serial_shops, shop, uniq_aizul
Vaults:2: gammafunk_vaults_ghost_split, st_lines,
          nicolae_vaults_windows_and_doors_thing, vaults_room_large_hall,
          nicolae_vaults_inception_corners, ontoclasm_vaults_hangar,
          vaults_dpeg_cross, minmay_crypt_entry_nasty_monster,
          nicolae_vaults_stairing_the_circle, ontoclasm_vaults_fault,
          nicolae_vaults_network_s, v_misc_24, nicolae_vaults_asterisk,
          nicolae_vaults_ring_of_whatevers, v_misc_9, layout_vaults_maze_snakey,
          serial_shops, nicolae_shop_behind_doors
Vaults:3: v_misc_10, v_pattern_3, vaults_mumra_hex, grunt_vaults_hallway_short,
          vaults_room_fancy_cross, nicolae_vaults_network_quinsquares
          [nicolae_vaults_network_quincunx_subvault,
          nicolae_vaults_network_quincunx_subvault,
          nicolae_vaults_network_quincunx_subvault,
          nicolae_vaults_network_quincunx_subvault], ontoclasm_vaults_chip,
          hangedman_vaults_slice, v_misc_16, layout_vaults_big_room
Vaults:4: hangedman_vaults_corner_blocks, nicolae_vaults_specimen_jars,
          ontoclasm_vaults_echo, nicolae_vaults_hallways_thing, v_misc_32,
          v_rooms_3, v_pattern_2, nicolae_vaults_little_squares_3, v_misc_17,
          nicolae_vaults_network_barrier,
          vaults_standard_mumra_enter_the_diamond, layout_vaults_omnibox
Depths:1: minmay_octagon_city, layout_gridville, hell_entry,
          nicolae_abyss_entry_one_way_or_another, grunt_ministairs_10,
          statue_in_the_mist_lemuel, minmay_shop_enchanted_jewellery,
          minmay_misc_feat_pillars, minmay_guarded_unrand_curses, firewood_loft
Depths:2: evilmike_lava_path, layout_cave_pools, nicolae_trove_entry_crossroad,
          hangedman_abyss_or_decor_stabs, hangedman_geh_valley,
          minmay_shop_grove
Depths:3: kennysheep_four_of_diamonds, layout_basic, mu_enter_wizlab_4,
          pan_entry, ploomutoo_gammafunk_ghost_potion_laboratory,
          kennysheep_cross_room, hangedman_tar_grid_catacomb,
          minmay_misc_feat_columns, minmay_staircase_statues, uniq_mara
Depths:4: minmay_inside_and_out, layout_cave_shapes, enter_ziggurat_f,
          lightli_too_deep, hangedman_abyss_entry_splay, minmay_crystal_room,
          tgw_xom, minmay_shoptagon
Depths:5: grunt_zot_entry_alcove, layout_cave_pools, chequers_jeans,
          grunt_pan_entry_spiral, hell_entry, minmay_shop_star, uniq_jory,
          uniq_frederick, uniq_sojobo
Zot:1:    layout_gridville, skrybe_zot_glass_1
Zot:2:    layout_cathedral_of_symmetry
Zot:3:    layout_concentric_octagons, gammafunk_ghost_split
Zot:4:    layout_basic, zot_minivault_1
Zot:5:    layout_gridlike

Skill      XL: |  1  2  3  4  5  6  7  8  9 10 11 12 13 14 15 16 17 18 19 20 21 22 23 24 25 26 27 |
---------------+----------------------------------------------------------------------------------+-----
Dodging        | 1 2 3 5 6 7 8 11 13 14 16 | 16.0
Invocations    | 3 4 5 8 10 11 13 15 16 18 20 | 20.0
Fighting       | 4 5 8 10 11 12 13 14 15 16 17 19 20 21 23 | 23.1
Armour         | 3 4 6 8 9 10 11 12 13 15 16 20 | 20.0
Stealth        | 2 |  2.0
Shields        | 4 6 9 12 15 16 18 | 18.0
Axes           | 3 |  3.1
Polearms       | 4 6 8 11 13 14 15 16 17 18 19 | 19.9
Slings         | 1 5 |  5.6
Throwing       | 1 2 |  2.5
Evocations     | 1 6 10 | 10.0
Crossbows      | 2 3 5 6 8 12 13 15 18 | 18.0

Action                   |  1- 3 |  4- 6 |  7- 9 | 10-12 | 13-15 | 16-18 | 19-21 | 22-24 | 25-27 || total
-------------------------+-------+-------+-------+-------+-------+-------+-------+-------+-------++-------
Melee: Hand axe          |    79 |   196 |    98 |       |       |       |       |       |       ||   373
       Dagger            |       |    56 |   128 |       |       |       |       |       |       ||   184
       Demon trident     |       |       |    24 |   578 |  1188 |  1119 |   856 |   819 |   366 ||  4950
       Bardiche          |       |       |       |       |    29 |    25 |   111 |   366 |  1219 ||  1750
       Glaive            |       |       |       |       |     9 |       |       |       |       ||     9
       Unarmed           |       |       |       |       |       |       |       |       |     5 ||     5
 Fire: Hunting sling     |       |    15 |     9 |       |    54 |   143 |   143 |    20 |       ||   384
       Arbalest          |       |       |       |       |     3 |    31 |   112 |   355 |   737 ||  1238
Throw: Stone             |     1 |       |       |     1 |       |       |       |       |       ||     2
       Dart              |       |       |     7 |    18 |     2 |       |       |       |       ||    27
       Boomerang         |       |       |       |       |     2 |       |       |       |       ||     2
Invok: Bend Space        |       |       |       |     2 |     2 |     4 |     2 |     5 |    14 ||    29
       Banish            |       |       |       |     4 |     5 |     5 |     3 |       |     5 ||    22
       Corrupt           |       |       |       |       |     1 |     4 |     4 |     1 |     5 ||    15
       Depart the Abyss  |       |       |       |       |       |       |       |     1 |     1 ||     2
 Abil: Dig               |     4 |     6 |     3 |     9 |    13 |    18 |     2 |    31 |    48 ||   134
Evoke: Phial of floods   |       |       |       |       |       |       |     1 |       |       ||     1
       Lamp of fire      |       |       |       |       |       |       |       |     1 |       ||     1
       Box of beasts     |       |       |       |       |       |       |       |       |     1 ||     1
  Use: Potion            |     1 |     1 |       |       |       |     8 |     8 |     2 |     4 ||    24
       Scroll            |       |     6 |     5 |     9 |    20 |    10 |     4 |     4 |    19 ||    77
 Stab: Sleeping          |     1 |       |       |       |       |       |       |       |       ||     1
       Distracted        |       |       |       |     1 |     1 |     1 |     1 |       |     2 ||     6
       Paralysed         |       |       |       |       |       |       |     4 |       |       ||     4
  Eat: Chunk             |     1 |    12 |     6 |    20 |    29 |    15 |    22 |    27 |    42 ||   174
       Ration            |       |       |     1 |     2 |     5 |    11 |     7 |     8 |    19 ||    53
Armor: Leather armour    |     8 |       |       |       |       |       |       |       |       ||     8
       Ring mail         |    12 |    93 |       |       |       |       |       |       |       ||   105
       Chain mail        |       |    24 |    62 |    29 |   110 |   211 |    24 |       |       ||   460
       Plate armour      |       |       |    21 |    48 |       |       |    79 |     5 |       ||   153
       Storm dragon scal |       |       |       |       |       |       |       |    79 |       ||    79
       Gold dragon scale |       |       |       |       |       |       |       |   109 |   510 ||   619
Dodge: Dodged            |    43 |   140 |    44 |    36 |    93 |   134 |    86 |   127 |   336 ||  1039
       Deflected         |       |       |       |       |       |       |       |       |    24 ||    24
Block: Kite shield       |       |    29 |   125 |   122 |       |       |       |       |       ||   276
       Reflection        |       |       |     6 |    11 |    50 |    15 |   134 |   151 |    66 ||   433
       Tower shield      |       |       |       |   156 |   690 |   755 |   595 |   896 |  1779 ||  4871

Table legend:
 A = Non-vault XP
 B = Vault XP
 C = Vault XP percentage of total XP
 D = Non-vault monster count
 E = Vault monster count
 F = Vault count percentage of total count
                 A         B        C        D         E       F
            +---------+---------+-------+---------+---------+-------
      Total |  806795 |  622729 |  43.6 |    1479 |     787 |  34.7
            +---------+---------+-------+---------+---------+-------
        D:1 |      34 |       5 |  12.8 |      20 |       5 |  20.0
        D:2 |      51 |      50 |  49.5 |      12 |      16 |  57.1
        D:3 |      68 |       0 |   0.0 |      24 |       0 |   0.0
        D:4 |     278 |       0 |   0.0 |      17 |       0 |   0.0
        D:5 |     164 |       1 |   0.6 |       9 |       1 |  10.0
        D:6 |     772 |      81 |   9.5 |      16 |       1 |   5.9
        D:7 |    2246 |    1416 |  38.7 |      43 |       6 |  12.2
        D:8 |    1607 |     223 |  12.2 |      36 |       2 |   5.3
        D:9 |    2719 |       0 |   0.0 |      35 |       0 |   0.0
       D:10 |     847 |       0 |   0.0 |      14 |       0 |   0.0
       D:11 |    4187 |     669 |  13.8 |      36 |      29 |  44.6
       D:12 |    3504 |    4461 |  56.0 |      28 |      13 |  31.7
       D:13 |    4970 |    9928 |  66.6 |      22 |      19 |  46.3
       D:14 |    1158 |       0 |   0.0 |       8 |       0 |   0.0
       D:15 |    6396 |    2602 |  28.9 |      22 |       3 |  12.0
     Lair:1 |    3082 |     960 |  23.8 |      16 |       1 |   5.9
     Lair:2 |    1472 |       0 |   0.0 |       9 |       0 |   0.0
     Lair:3 |    3272 |    2037 |  38.4 |      18 |       7 |  28.0
     Lair:4 |    7187 |    5065 |  41.3 |      25 |      38 |  60.3
     Lair:5 |    5561 |    1687 |  23.3 |      23 |       3 |  11.5
     Lair:6 |    9139 |    9570 |  51.2 |      24 |      54 |  69.2
    Swamp:1 |   13720 |       0 |   0.0 |      28 |       0 |   0.0
    Swamp:2 |   12743 |    8840 |  41.0 |      27 |      12 |  30.8
    Swamp:3 |   12589 |    5429 |  30.1 |      39 |       7 |  15.2
    Swamp:4 |    6141 |    9399 |  60.5 |      13 |       9 |  40.9
   Spider:1 |    5515 |       0 |   0.0 |      19 |       0 |   0.0
   Spider:2 |   11240 |    7499 |  40.0 |      32 |      16 |  33.3
   Spider:3 |   12000 |    2761 |  18.7 |      46 |       8 |  14.8
   Spider:4 |    7178 |   24039 |  77.0 |      17 |      50 |  74.6
      Orc:1 |    2919 |       8 |   0.3 |      54 |       4 |   6.9
      Orc:2 |    3700 |   10764 |  74.4 |      30 |      62 |  67.4
      Elf:1 |   23858 |    5995 |  20.1 |      39 |       9 |  18.8
      Elf:2 |   15211 |    6535 |  30.1 |      23 |       6 |  20.7
      Elf:3 |   24908 |   34192 |  57.9 |      43 |      24 |  35.8
   Vaults:1 |   30425 |   12458 |  29.1 |      57 |      15 |  20.8
   Vaults:2 |   26252 |   32389 |  55.2 |      37 |      35 |  48.6
   Vaults:3 |   18992 |   12002 |  38.7 |      34 |      26 |  43.3
   Vaults:4 |   23704 |   14476 |  37.9 |      52 |      15 |  22.4
   Depths:1 |   39704 |  100594 |  71.7 |      60 |      90 |  60.0
   Depths:2 |   50136 |   24781 |  33.1 |      64 |      16 |  20.0
   Depths:3 |   47204 |   26940 |  36.3 |      55 |      16 |  22.5
   Depths:4 |   21984 |   14124 |  39.1 |      25 |      12 |  32.4
   Depths:5 |   30297 |   40059 |  56.9 |      30 |      26 |  46.4
      Zot:1 |   60359 |       0 |   0.0 |      33 |       0 |   0.0
      Zot:2 |   67191 |       0 |   0.0 |      36 |       0 |   0.0
      Zot:3 |   77046 |    2957 |   3.7 |      41 |       2 |   4.7
      Zot:4 |   42742 |   32508 |  43.2 |      31 |      14 |  31.1
      Zot:5 |   46344 |  144397 |  75.7 |      28 |      35 |  55.6
    Abyss:1 |   13979 |    1940 |  12.2 |      29 |       1 |   3.3
     Bailey |       0 |    4060 | 100.0 |       0 |      68 | 100.0
   Gauntlet |       0 |    4828 | 100.0 |       0 |      11 | 100.0
            +---------+---------+-------+---------+---------+-------
